 Dungeon Crawl Stone Soup version 0.17.0-28-g6e173f8 (webtiles) character file.

3545 septik the Basher (level 10, -7/56 HPs)
             Began as a Gargoyle Fighter on Nov 29, 2015.
             Was a Believer of Okawaru.
             Killed by divine providence
             ... invoked by an orc priest
              (11 damage)
             ... on level 8 of the Dungeon.
             The game lasted 00:13:11 (6657 turns).

septik the Basher (Gargoyle Fighter)                Turns: 6657, Time: 00:13:11

Health: -7/56      AC: 26    Str: 28    XL:     10   Next: 9%
Magic:  9/10       EV:  8    Int: 10    God:    Okawaru [**....]
Gold:   472        SH: 12    Dex: 11    Spells: 0 memorised, 9 levels left

rFire  + . .     SeeInvis .     I - +1 mace (freeze)
rCold  . . .     Clarity  .     L - +0 plate armour
rNeg   + . .     SustAt   .     c - +0 shield
rPois  ∞         Gourm    .     r - +0 helmet
rElec  +         Spirit   .     g - +0 cloak
rCorr  +         Warding  .     q - +2 pair of gloves
rMut   .         Stasis   .     (no boots)
MR     +....                    l - amulet of resist corrosion
Stlth  ..........               N - ring of protection from magic
                                E - +6 ring of strength

@: heroism, somewhat resistant to hostile enchantments, extremely unstealthy
A: agile 1, fire resistance 1, negative energy resistance 1, electricity
resistance, spit poison 1, unbreathing, petrification resistance, rot immunity,
AC +7
a: Spit Poison, Heroism, Renounce Religion


You were on level 8 of the Dungeon.
You worshipped Okawaru.
Okawaru was pleased with you.
You were not hungry.

You visited 1 branch of the dungeon, and saw 8 of its levels.

You collected 472 gold pieces.

Inventory:

Hand Weapons
 a - a +0 flail
 I - a +1 mace of freezing (weapon)
 Q - a +1 flail of pain
Missiles
 j - 8 needles of paralysis
 k - 294 stones (quivered)
 F - 36 poisoned needles
Armour
 c - a +0 shield (worn)
 g - a +0 cloak (worn)
 q - a +2 pair of gloves (worn)
 r - a +0 helmet (worn)
 L - a +0 plate armour (worn)
 S - a +1 pair of boots
Jewellery
 l - an amulet of resist corrosion (around neck)
 p - an uncursed ring of magical power
 u - an uncursed ring of flight
 v - an uncursed ring of see invisible
 E - a +6 ring of strength (left hand)
 N - a ring of protection from magic (right hand)
 U - an uncursed ring of protection from fire {unknown}
Wands
 b - a wand of confusion (23)
 V - a wand of cold (10)
Scrolls
 m - 2 scrolls of random uselessness {unknown}
 o - 6 scrolls of identify
 t - 4 scrolls of teleportation {unknown}
 x - a scroll of enchant weapon {unknown}
 y - a scroll of blinking {unknown}
 A - 3 scrolls of remove curse
 C - a scroll of recharging {unknown}
 K - 2 scrolls of magic mapping
 M - a scroll of amnesia {unknown}
Potions
 d - 2 potions of might
 f - a potion of degeneration {unknown}
 n - 3 potions of haste
 s - a potion of lignification {unknown}
 w - 2 potions of flight {unknown}
 z - a potion of resistance {unknown}
 B - 2 potions of brilliance {unknown}
 D - 3 potions of agility {unknown}
 G - 3 potions of cure mutation {unknown}
 J - a potion of poison {unknown}
 P - a potion of curing {unknown}
Comestibles
 e - 6 bread rations
 h - 3 slices of pizza
 i - 4 meat rations
 H - a royal jelly
 O - a beef jerky
 R - 4 fruits
 T - 7 chunks of flesh


   Skills:
 - Level 3.2(8.2) Fighting
 + Level 13.6(18.6) Maces & Flails
 - Level 3.2(8.2) Armour
 - Level 3.2(8.2) Shields


You had 9 spell levels left.
You didn't know any spells.

Dungeon Overview and Level Annotations

Branches:
Dungeon (8/15)             Temple (0/1) D:6
   Lair: D:8-11

Altars:
Ashenzari
Dithmenos
Fedhas
Gozag
Nemelex Xobeh
Okawaru
Ru
Xom
Zin

Shops:
D:5 %   D:7 =   D:8 =


Innate Abilities, Weirdness & Mutations

You are resistant to torment.
Your stone body is resilient (AC +7).
You are immune to poison.
You resist negative energy.
You are resistant to electric shocks.
You can survive without breathing.
You are immune to petrification.
You are immune to rotting.
You are agile. (Dex +2)
Your flesh is heat resistant.
You can spit weak poison.


Message History

The orc warrior is moderately wounded.
The orc warrior hits you but does no damage.
Your shield and plate armour prevent you from hitting the orc warrior.
The orc warrior is moderately wounded.
You hit the orc warrior but do no damage.
The orc warrior is moderately wounded.
The orc warrior hits you with a halberd.
You hit the orc warrior but do no damage.
The orc warrior is moderately wounded.
The orc warrior hits you with a halberd.
You hit the orc warrior. You freeze the orc warrior.
The orc warrior is severely wounded.
The orc priest invokes the aid of Beogh against you.
Something smites you!
* * * LOW HITPOINT WARNING * * *
You hit the orc warrior but do no damage.
The orc warrior is severely wounded.
The orc priest calls down the wrath of Beogh upon you.
Something smites you!
You die...

.....####### (#.##......#
.#.##.####.# ########
...##.####.###......#
.####.##...o...#....#########
.# #.......###...#..........#
## #..##.#.# #.#....#######.#
#......o# #.####[# #.#
#.##.##.# #oo@...# ####.###
#.##.##.# ######## #..>...#
####.[o)...# #########
#.##.#.# )....##[####
#..>....# #.##.#.# ####.##.#
#.......# #....#.#
o.)...#.######.(.....#
#.####.#
..o.....#............#
#.####.#
......#.#.####.......#
#......#
####.##.#.####.......#
#.######


You could see an orc warrior and an orc priest.

Vanquished Creatures
  Grum (D:8)
  4 wolves (D:8)
  A water moccasin (D:7)
  Duvessa (D:7)
  An orc warrior (D:7)
  An ice beast (D:7)
  4 ogres
  4 sky beasts
  Blork the orc (D:5)
  7 giant frogs
  Dowan (D:7)
  4 wights (D:6)
  3 scorpions
  A crimson imp (D:6)
  A quasit (D:5)
  2 hounds
  A giant frog skeleton (D:8)
  A jelly (D:6)
  Crazy Yiuf (D:2)
  An iguana (D:4)
  6 orc wizards
  A worker ant (D:5)
  A killer bee zombie (D:7)
  A hound skeleton (D:5)
  A hound zombie (D:7)
  Robin (D:2)
  4 gnolls (D:3)
  4 adders
  2 shadow imps
  2 oozes
  4 worms
  3 giant geckos
  17 orcs
  A giant cockroach (D:2)
  16 goblins
  19 hobgoblins
  10 jackals
  7 kobolds
  5 quokkas
  A ball python (D:2)
  7 bats
  2 giant newts
  A jackal zombie (D:6)
  A quokka skeleton (D:7)
  4 rats
162 creatures vanquished.

Vanquished Creatures (others)
  The ghost of septik the Magician, a novice DEFE of Vehumet (D:6)
1 creature vanquished.

Grand Total: 163 creatures vanquished

Notes
Turn   | Place    | Note
--------------------------------------------------------------
     0 | D:1      | septik the Gargoyle Fighter began the quest for the Orb.
     0 | D:1      | Reached XP level 1. HP: 14/14 MP: 1/1
   296 | D:1      | Reached XP level 2. HP: 14/19 MP: 2/2
   659 | D:1      | You fall through a shaft!
   679 | D:2      | Reached XP level 3. HP: 21/23 MP: 3/3
   904 | D:2      | Noticed Robin
   937 | D:2      | Killed Robin
   937 | D:2      | Reached skill level 4 in Maces & Flails
  1011 | D:2      | Reached XP level 4. HP: 28/28 MP: 4/4
  1351 | D:2      | Found a shimmering altar of Xom.
  1450 | D:2      | Noticed Crazy Yiuf
  1457 | D:2      | Killed Crazy Yiuf
  1457 | D:2      | Reached skill level 5 in Maces & Flails
  1457 | D:2      | Reached XP level 5. HP: 32/32 MP: 5/5
  1751 | D:2      | Noticed a sky beast
  1775 | D:2      | Killed a sky beast
  1787 | D:2      | Gained mutation: You can spit weak poison. [mutagenic meat]
  1788 | D:2      | Gained mutation: You are agile. (Dex +2) [mutagenic meat]
  1789 | D:2      | Gained mutation: You evolve. [mutagenic meat]
  1790 | D:2      | Gained mutation: Your flesh is heat resistant. [mutagenic meat]
  1791 | D:2      | Lost mutation: You evolve. [mutagenic meat]
  1857 | D:3      | Found a sparkling altar of Nemelex Xobeh.
  1902 | D:3      | Reached skill level 6 in Maces & Flails
  1905 | D:3      | Reached XP level 6. HP: 37/37 MP: 6/6
  2345 | D:3      | Found a blossoming altar of Fedhas.
  3281 | D:5      | Entered Level 5 of the Dungeon
  3376 | D:5      | Reached skill level 7 in Maces & Flails
  3379 | D:5      | Found Siwasid's Food Shop.
  3478 | D:5      | Reached XP level 7. HP: 17/41 MP: 7/7
  3737 | D:5      | Reached skill level 8 in Maces & Flails
  3785 | D:5      | Noticed Blork the orc
  3795 | D:5      | Killed Blork the orc
  4302 | D:6      | Reached skill level 9 in Maces & Flails
  4302 | D:6      | Reached XP level 8. HP: 33/46 MP: 8/8
  4315 | D:6      | Noticed septik's ghost (novice DEFE)
  4325 | D:6      | Killed septik's ghost
  4325 | D:6      | Reached skill level 10 in Maces & Flails
  4743 | D:6      | Found an iron altar of Okawaru.
  4766 | D:6      | Became a worshipper of Warmaster Okawaru
  4814 | D:6      | Found an opulent altar of Gozag.
  4893 | D:6      | Found a sacrificial altar of Ru.
  4987 | D:6      | Found a staircase to the Ecumenical Temple.
  5031 | D:6      | Reached skill level 11 in Maces & Flails
  5031 | D:6      | Reached XP level 9. HP: 31/51 MP: 9/9
  5202 | D:7      | Found Lafa's Jewellery Emporium.
  5202 | D:7      | Noticed Dowan
  5215 | D:7      | Noticed Duvessa
  5227 | D:7      | Killed Duvessa
  5229 | D:7      | Killed Dowan
  5341 | D:7      | Reached * piety under Okawaru
  5397 | D:7      | Reached skill level 12 in Maces & Flails
  5606 | D:7      | Found a shattered altar of Ashenzari.
  5786 | D:8      | Found a shadowy altar of Dithmenos.
  5865 | D:8      | Found Miaroj's Jewellery Boutique.
  5898 | D:8      | Reached ** piety under Okawaru
  5954 | D:8      | Noticed Grum
  6011 | D:8      | Killed Grum
  6011 | D:8      | Reached skill level 13 in Maces & Flails
  6043 | D:8      | Reached XP level 10. HP: 9/56 MP: 10/10
  6474 | D:8      | Found a glowing silver altar of Zin.
  6657 | D:8      | Killed from afar by an orc priest

Action                   |  1- 3 |  4- 6 |  7- 9 | 10-12 || total
-------------------------+-------+-------+-------+-------++-------
Melee: Flail             |   148 |   235 |   130 |       ||   513
       Mace              |       |       |   235 |    65 ||   300
Invok: Heroism           |       |       |       |     1 ||     1
  Use: Scroll            |       |     4 |       |       ||     4
  Eat: Chunk             |     1 |    13 |     7 |     2 ||    23
       Beef jerky        |       |       |     1 |       ||     1
